 Dungeon Crawl Stone Soup version 0.31-a0-174-g85c54bcb58 (webtiles) character file.

Game seed: 11944667259979613173

47 qw the Shooter (level 3, -2/22 HPs)
             Began as a Gargoyle Hunter on June 15, 2023.
             Slain by an orc
             ... wielding a +0 flail
              (3 damage)
             ... on level 2 of the Dungeon.
             The game lasted 00:00:25 (1062 turns).

qw the Shooter (Gargoyle Hunter)                    Turns: 1062, Time: 00:00:26

Health: -2/22      AC:  6    Str: 14    XL:     3   Next: 70%
Magic:  3/3        EV: 11    Int:  9    God:
Gold:   107        SH:  0    Dex: 15    Spells: 2/2 levels left

rFire   . . .        Y - +0 shortbow
rCold   . . .        (shield currently unavailable)
rNeg    + . .        c - +0 leather armour
rPois   inf          (no helmet)
rElec   +            (no cloak)
rCorr   .            (no gloves)
SInv    .            (no boots)
Will    .....        (no amulet)
Stlth   ++           (no ring)
HPRegen 0.23/turn    (no ring)
MPRegen 0.08/turn

%: no passive effects
@: no status effects
A: sickness immunity, AC +3, negative energy resistance 1, electricity
resistance, torment resistance 1, petrification resistance
a: no special abilities


You were on level 2 of the Dungeon.
You visited 1 branch of the dungeon, and saw 2 of its levels.

You collected 107 gold pieces.


Innate Abilities, Weirdness & Mutations

You are immune to sickness and miasma.
Your stone body is resilient. (AC +3)
You are immune to poison.
You resist negative energy. (rN+)
You are resistant to electric shocks. (rElec)
You are resistant to unholy torment.
You are immune to petrification.


   Skills:
 + Level 2.7 Fighting
 - Level 5.1 Ranged Weapons
 - Level 1.5 Dodging
 - Level 1.1 Stealth


You had 2 spell levels left.
You didn't know any spells.
Your spell library was empty.

Inventory:

Hand Weapons
 Y - a +0 shortbow (weapon)
Armour
 c - a +0 leather armour (worn)
Scrolls
 a - a scroll of identify
 b - a scroll of fear {unknown}
Potions
 d - a potion of mutation {unknown}
 e - a potion of heal wounds {unknown}
 g - a potion of enlightenment {unknown}

Dungeon Overview and Level Annotations

Branches:
Dungeon (2/15)

Altars:


Message History

The goblin shouts!
Enter note: You shoot an arrow.
The arrow barely misses the goblin.
You shoot an arrow. The arrow hits the goblin.
You kill the goblin!
Things that are here:
a +0 club; a goblin corpse 2 orcs and an orc priest come into view.
The orc shouts!
Enter note: You shoot an arrow.
The arrow barely misses the orc.
The orc priest looks braver for a moment.
You shoot an arrow. The arrow hits the orc.
The orc is lightly wounded.
The orc closely misses you.
The orc priest casts a cantrip, but nothing happens.
The orc priest looks braver for a moment.
You shoot an arrow. The arrow barely misses the orc.
The orc barely misses you.
You shoot an arrow. The arrow barely misses the orc.
The orc hits you but does no damage. x2
You shoot an arrow. The arrow closely misses the orc.
The orc hits you with a +0 flail! The orc hits you with a +0 flail.
You shoot an arrow. The arrow hits the orc.
You kill the orc!
You shoot an arrow.
The arrow closely misses the orc priest.
The orc hits you with a +0 flail.
The orc priest looks encouraged for a moment.
The orc hits you with a +0 flail. The orc priest closely misses you.
You shoot an arrow. The arrow hits the orc priest.
The orc priest is lightly wounded.
The orc priest hits you with a +0 mace. The orc misses you.
You shoot an arrow. The arrow barely misses the orc priest.
The orc closely misses you. The orc priest hits you with a +0 mace.
You shoot an arrow.
The arrow hits the orc priest but does no damage.
The orc priest is lightly wounded.
The orc priest barely misses you. The orc hits you with a +0 flail.
You die...

...........#...#
####|.####.#..##### #.##
#.........# ####.#
#..######.# .....# #..#
.# ..#######..# .#
#.%........######.######
##...#>###......oo.....#
#.#.#.# ### #@# #.....#
#.# ###.### #.# #.# #.#
#.# ####.# #.# #....#
#.# #.#### ####.# #.#
.....# #.#


You could see an orc priest and an orc.

Vanquished Creatures
  An adder (D:1)
  An orc (D:2)
  6 ball pythons
  4 endoplasms
  3 giant cockroaches (D:1)
  3 goblins
  4 hobgoblins
  3 quokkas (D:1)
  3 bats (D:1)
  A frilled lizard (D:1)
  2 kobolds (D:1)
  A rat (D:1)
32 creatures vanquished.

Notes
Turn   | Place    | Note
-------+----------+-------------------------------------------
     0 | D:1      | qw the Gargoyle Hunter began the quest for the Orb.
     0 | D:1      | Reached XP level 1. HP: 12/12 MP: 1/1
     0 | D:1      | 0 ||| qw: Version: 0.2-a-29-g511e9b1
     0 | D:1      | 0 ||| qw: Game counter: 5574
     0 | D:1      | 0 ||| qw: Always use a shield: true
     0 | D:1      | 0 ||| qw: God list: Okawaru
     0 | D:1      | 0 ||| qw: Allow faded altars: false
     0 | D:1      | 0 ||| qw: Do Orc after D:15 true
     0 | D:1      | 0 ||| qw: Do second Lair branch before Depths: true
     0 | D:1      | 0 ||| qw: Lair rune preference: random
     0 | D:1      | 0 ||| qw: Plans: Normal, Zot:1-4, Slime:5, God:TSO, Crypt,
                  | Tomb, Abyss, Pan, Hells, Win
     0 | D:1      | 0 ||| PLANNING D:1-11
   197 | D:1      | Reached XP level 2. HP: 17/17 MP: 2/2
   822 | D:1      | 822 ||| READING 2 scrolls labelled KEF MAAVEOL.
   823 | D:1      | 823 ||| READING 2 scrolls labelled ARECEMOWOENG.
   824 | D:1      | 824 ||| DRINKING 2 brown potions.
   825 | D:1      | 825 ||| DROPPING scroll of butterflies.
   826 | D:1      | 826 ||| DROPPING scroll of noise.
   827 | D:1      | 827 ||| DROPPING potion of brilliance.
   841 | D:2      | Reached XP level 3. HP: 16/21 MP: 3/3
   841 | D:2      | 841 ||| STAIRDANCE
   849 | D:1      | Reached skill level 5 in Ranged Weapons
  1059 | D:2      | HP: 5/22 [orc/+0 flail (2)]
  1061 | D:2      | HP: 1/22 [orc priest/+0 mace (4)]
  1062 | D:2      | Slain by an orc

Levels and vault maps discovered:
D:1:      dpeg_chamrin_arrival_tetris, layout_loops_ring,
          amcnicky_mini_pool_small
D:2:      cheibrodos_old_hovel, layout_basic

Skill      XL: |  1  2  3 |
---------------+----------+-----
Ranged Weapons | 5 |  5.1
Fighting       | |  2.7
Dodging        | |  1.5
Stealth        | |  1.1

Action                     || total
---------------------------++-------
   Fire: Shortbow          ||   107
    Use: Scroll            ||     2
         Potion            ||     1
 Armour: Leather armour    ||    17
  Dodge: Dodged            ||    28

Table legend:
 A = Non-vault XP
 B = Vault XP
 C = Vault XP percentage of total XP
 D = Non-vault monster count
 E = Vault monster count
 F = Vault count percentage of total count
                 A         B        C        D         E       F
            +---------+---------+-------+---------+---------+-------
      Total |      66 |       2 |   2.9 |      31 |       1 |   3.1
            +---------+---------+-------+---------+---------+-------
        D:1 |      47 |       0 |   0.0 |      22 |       0 |   0.0
        D:2 |      19 |       2 |   9.5 |       9 |       1 |  10.0
            +---------+---------+-------+---------+---------+-------
